 Dungeon Crawl Stone Soup version 0.31-a0-1178-gc5c9b8f871 (webtiles) character file.

Game seed: 15036063018355417362

475506 crawlacc the Invulnerable (level 23, 0/264 HPs)
             Began as a Minotaur Fighter on Dec 11, 2023.
             Was the Champion of Wu Jian.
             Splashed by an acid blob's acid (4 damage)
             ... created by the Royal Jelly
             ... on level 5 of the Pits of Slime on Dec 12, 2023.
             The game lasted 04:16:43 (45086 turns).

crawlacc the Invulnerable (Minotaur Fighter)       Turns: 45086, Time: 04:16:44

Health: 0/264      AC: 17    Str: 35    XL:     23   Next: 32%
Magic:  19/19      EV: 25    Int:  1    God:    Wu Jian [******]
Gold:   3234       SH: 14    Dex: 14    Spells: 22/22 levels left

rFire   + . .        a - +9 broad axe (heavy)
rCold   + + .        R - +1 kite shield {reflect}
rNeg    + + .        m - +2 crystal plate armour
rPois   +            f - +5 hat of Touckot {Str+3 Dex+4}
rElec   .            V - +2 cloak {Will+}
rCorr   +            H - +0 pair of gloves of the Saviour {rPois Slay+5 Stlth-}
SInv    .            y - +2 pair of boots
Will    ++++.        N - amulet "Zoefampe" {Will++ Regen+ Slay+2 Stlth+} Stlth
                     O - ring of the Hare {EV+10}
HPRegen 1.44/turn    D - ring of Light {rF+ rC+ rN++ rCorr Int-4}
MPRegen 0.16/turn

%: reflection
@: exhausted, about to teleport, corroded, in a heavenly storm, glowing,
studying 4 skills
A: horns 2, retaliatory headbutt, cold resistance 1, deformed body, low MP 1,
robust 1, no potion heal 1, inability to drink after injury 1, sturdy frame 1
}: 3/15 runes: decaying, serpentine, silver
a: Renounce Religion, Wall Jump, Serpent's Lash, Heavenly Storm


You were on level 5 of the Pits of Slime.
You worshipped Wu Jian.
Wu Jian was exalted by your worship.
You visited 11 branches of the dungeon, and saw 47 of its levels.
You also visited: Bailey, Gauntlet and Ice Cave.

You collected 5822 gold pieces.
You spent 2588 gold pieces at shops.

Inventory:

Hand Weapons
 a - a +9 heavy broad axe (weapon)
 b - a +2 spectral morningstar
Missiles
 r - 11 boomerangs (quivered)
 F - 10 atropa-tipped darts
Armour
 f - the +5 hat of Touckot (worn) {Str+3 Dex+4}
   (You found it in a Gauntlet)

   Str+3:     It affects your strength (+3).
   Dex+4:     It affects your dexterity (+4).
 m - a +2 crystal plate armour (worn)
 t - a scarf of resistance
 y - a +2 pair of boots (worn)
 H - the +0 pair of gloves of the Saviour (worn) {rPois Slay+5 Stlth-}
   (You found it in a Gauntlet)

   Slay+5:    It affects your accuracy & damage with ranged weapons and melee
   (+5).
   rPois:     It protects you from poison Stlth-: It makes you less stealthy.
 R - a +1 kite shield of reflection (worn)
 V - a +2 cloak of willpower (worn)
Jewellery
 o - the amulet "Didae" {rF+ Regen+ Dex+6}
   (You acquired it on level 9 of the Dungeon)

   [amulet of regeneration]

   Dex+6:     It affects your dexterity (+6).
   rF+:       It protects you from fire.
   Regen+:    It increases your rate of health regeneration.
 D - the ring of Light (right hand) {rF+ rC+ rN++ rCorr Int-4}
   (You took it off a vault warden on level 5 of the Vaults)

   [ring of protection from cold]

   Int-4:     It affects your intelligence (-4).
   rF+:       It protects you from fire.
   rC+:       It protects you from cold.
   rN++:      It greatly protects you from negative energy.
   rCorr:     It protects you from acid and corrosion.
 N - the amulet "Zoefampe" (around neck) {Will++ Regen+ Slay+2 Stlth+}
   (You bought it in a shop on level 3 of the Vaults)

   [amulet of regeneration]

   Slay+2:    It affects your accuracy & damage with ranged weapons and melee
   (+2).
   Will++:    It greatly increases your willpower.
   Regen+:    It increases your rate of health regeneration.
   Stlth+:    It makes you more stealthy.
 O - the ring of the Hare (left hand) {EV+10}
   (You took it off a vault guard on level 5 of the Vaults)

   [ring of evasion]

   EV+10:     It affects your evasion (+10).
Wands
 c - a wand of digging (16)
 h - a wand of acid (31)
 v - a wand of mindburst (28)
 E - a wand of flame (82)
 P - a wand of charming (39)
 Z - a wand of roots (47)
Scrolls
 l - 3 scrolls of brand weapon
 q - 22 scrolls of teleportation
 s - 2 scrolls of fear
 u - 7 scrolls of revelation
 x - a scroll of summoning
 B - 7 scrolls of poison
 C - a scroll of fog
 I - 5 scrolls of blinking
 S - 16 scrolls of identify
 U - 2 scrolls of immolation
Potions
 d - 3 potions of invisibility
 e - 4 potions of heal wounds
 i - 6 potions of cancellation
 j - a potion of might
 k - 4 potions of ambrosia
 n - 11 potions of curing
 p - 3 potions of haste
 w - a potion of mutation
 A - 4 potions of enlightenment
 G - 10 potions of lignification
 X - a potion of resistance
Miscellaneous
 z - a box of beasts
 J - a phantom mirror
 K - a lightning rod (4/4)


   Skills:
 O Level 27 Fighting
 + Level 23.3 Axes
 - Level 10.0 Throwing
 O Level 27 Armour
 - Level 10.0 Dodging
 + Level 15.7 Shields
 - Level 10.0 Evocations


You had 22 spell levels left.
You didn't know any spells.
Your spell library contained the following spells:

 Spells                   Type           Power      Damage    Failure   Level
 Foxfire                  Conj/Fire      0%         2x1d4     96%         1
 Kiss of Death            Conj/Necr      0%         2d5       96%         1
 Magic Dart               Conj           0%         1d3       96%         1
 Slow                     Hex            0%         N/A       96%         1
 Summon Small Mammal      Summ           0%         N/A       96%         1
 Blink                    Tloc           0%         N/A       99%         2
 Call Imp                 Summ           0%         N/A       99%         2
 Cigotuvi's Dreadful Rot  Necr/Pois/Air  0%         N/A       99%         2
 Lesser Beckoning         Tloc           0%         N/A       99%         2
 Momentum Strike          Conj/Tloc      0%         3d8       99%         2
 Poisonous Vapours        Pois/Air       0%         N/A       99%         2
 Scorch                   Fire           0%         2d5       99%         2
 Searing Ray              Conj           0%         2d4       99%         2
 Call Canine Familiar     Summ           0%         N/A       100%        3
 Confusing Touch          Hex            0%         N/A       100%        3
 Dazzling Flash           Conj/Hex       0%         N/A       100%        3
 Frozen Ramparts          Ice            0%         1d1       100%        3
 Gell's Gravitas          Tloc           0%         N/A       100%        3
 Ignite Poison            Fire/Tmut/Pois 0%         N/A       100%        3
 Inner Flame              Hex/Fire       0%         N/A       100%        3
 Mephitic Cloud           Conj/Pois/Air  0%         N/A       100%        3
 Sigil of Binding         Hex            0%         N/A       100%        3
 Stone Arrow              Conj/Erth      0%         3d7       100%        3
 Summon Guardian Golem    Hex/Summ       0%         N/A       100%        3
 Teleport Other           Tloc           0%         N/A       100%        3
 Vampiric Draining        Necr           0%         2d6       100%        3
 Volatile Blastmotes      Fire/Tloc      0%         2d10      100%        3
 Animate Armour           Summ/Erth      0%         N/A       100%        4
 Flame Wave               Conj/Fire      0%         2d4       100%        4
 Fulminant Prism          Conj/Hex       0%         3d5       100%        4
 Olgreb's Toxic Radiance  Pois           0%         N/A       100%        4
 Petrify                  Tmut/Erth      0%         N/A       100%        4
 Sticky Flame             Conj/Fire      0%         2d3       100%        4
 Summon Ice Beast         Ice/Summ       0%         N/A       100%        4
 Vhi's Electric Charge    Tloc/Air       0%         N/A       100%        4
 Alistair's Intoxication  Tmut/Pois      0%         N/A       100%        5
 Arcjolt                  Conj/Air       0%         1d10      100%        5
 Borgnjor's Vile Clutch   Necr/Erth      0%         N/A       100%        5
 Freezing Cloud           Conj/Ice/Air   0%         6-21      100%        5
 Iskenderun's Battlesphe  Conj           0%         2d6       100%        5
 Metabolic Englaciation   Hex/Ice        0%         N/A       100%        5
 Summon Mana Viper        Hex/Summ       0%         N/A       100%        5
 Yara's Violent Unravell  Hex/Tmut       0%         3d3       100%        5
 Bombard                  Conj/Erth      0%         9d1       100%        6
 Conjure Ball Lightning   Conj/Air       0%         3x3d6     100%        6
 Dispersal                Tloc           0%         N/A       100%        6
 Eringya's Noxious Bog    Tmut/Pois      0%         4d6       100%        6
 Plasma Beam              Fire/Air       0%         2x1d10    100%        6
 Starburst                Conj/Fire      0%         6d3       100%        6
 Summon Cactus Giant      Summ           0%         N/A       100%        6
 Enfeeble                 Hex            0%         N/A       100%        7
 Haunt                    Necr/Summ      0%         N/A       100%        7
 Malign Gateway           Summ/Tloc      0%         N/A       100%        7
 Monstrous Menagerie      Summ           0%         N/A       100%        7
 Orb of Destruction       Conj           0%         9d5       100%        7
 Spellforged Servitor     Conj/Summ      0%         N/A       100%        7
 Borgnjor's Revivificati  Necr           0%         N/A       100%        8
 Discord                  Hex            0%         N/A       100%        8
 Disjunction              Tloc           0%         N/A       100%        8
 Ignition                 Fire           0%         3d3       100%        8
 Lehudib's Crystal Spear  Conj/Erth      0%         10d2      100%        8
 Maxwell's Capacitive Co  Air            0%         ∞         100%        8
 Summon Horrible Things   Summ           0%         N/A       100%        8
 Death's Door             Necr           0%         N/A       100%        9


Dungeon Overview and Level Annotations

Branches:
Dungeon (15/15)            Temple (1/1) D:7            Lair (5/5) D:9
  Swamp (4/4) Lair:2        Snake (4/4) Lair:3        Slime (5/5) Lair:4
    Orc (2/2) D:10            Elf (0/3) Orc:2        Vaults (5/5) D:13
  Crypt (1/3) Vaults:3     Depths (4/4) D:15            Zot (1/5) Depths:4
 Bailey (visited)           IceCv (visited)         Gauntlet (visited)

Altars:
Cheibriados
Dithmenos
Elyvilon
Fedhas
Hepliaklqana
Kikubaaqudgha
Makhleb
Nemelex Xobeh
Okawaru
Qazlal
Ru
Sif Muna
Trog
Uskayaw
Vehumet
Wu Jian
Xom
Yredelemnul
Zin
The Shining One
Jiyva
Lugonu

Shops:
D:1 [   D:6 !   D:9 [   D:10 (   Orc:2 :(*[   Snake:1 =:   Snake:3 :==
Vaults:2 :   Vaults:3 =   Vaults:4 (:?   Depths:1 *

Portals:
Hell: Depths:2 Depths:3 Depths:4
Abyss: D:4 Lair:5 Depths:3 Depths:4
Pandemonium: Depths:2 Depths:3 Depths:4
Ziggurat: Depths:4
Bazaar: Depths:3
Trove: D:10 (give 12 potions of heal wounds)

Annotations:
D:2 1 runed translucent door, Crazy Yiuf
D:3 1 transporter
D:4 abyss gate
D:6 2 runed translucent doors
D:8 exclusion: oklob sapling
Lair:3 exclusion: oklob plant
Lair:5 2 transporters, Afintianyq's ghost, journeyman TrSh
Crypt:1 Frederick
Depths:3 3 runed translucent doors + B, Zacsag's ghost, veteran DgCj
Zot:1 1 transporter, Sial's ghost, veteran MiMo


Innate Abilities, Weirdness & Mutations

You have a pair of horns on your head.
You reflexively headbutt those who attack you in melee.
Your flesh is cold resistant. (rC+)
Armour fits poorly on your strangely shaped body.
Your magical capacity is low. (-10% MP)
You are robust. (+10% HP)
Potions are less effective at restoring your health.
You occasionally lose the ability to drink potions when taking damage.
Your movements are slightly less encumbered by armour. (ER -2)


Message History

_You take 30 damage.
Blink to where?
Press: ? - help, Q - select action, (/) - cycle Dir - move target
Okay, then.
Okay, then.
Your muscles tense, ready for explosive movement...
You spin and attack the acid blob, with incredible momentum.
You hit the acid blob.
Your hands burn!
* * * LOW HITPOINT WARNING * * *
The acid blob is heavily wounded.
You spin and attack the acid blob, with incredible momentum.
You carve the acid blob like a ham!!!
You kill the acid blob!
That felt strangely unrewarding. _You take 2 damage.
Your supernatural speed expires.
Throw: 11 boomerangs
Press: ? - help, Q - select action, (/) - cycle Shift-Dir - straight line, f - acid blob
Aim: an acid blob (golden dust, almost dead, haloed, 97% to hit)
You throw a boomerang. The boomerang hits the acid blob!!
You kill the acid blob!
That felt strangely unrewarding.
You can drink potions again. _You regained 2 hp.
Your system partially rejects the healing.
You feel much better. _You regained 11 hp.
You slice the acid blob!!
Your hands burn!
The acid blob is moderately wounded.
You slice the acid blob!! The acid corrodes you!
Your hands burn!
The acid blob hits you!!
* * * LOW HITPOINT WARNING * * *
You are splashed with acid.
You resist.
* * * LOW HITPOINT WARNING * * *
You block the acid blob's attack. _You take 27 damage.
As you read the scroll of teleportation, it crumbles to dust.
You feel strangely unstable. The acid blob hits you!!
* * * LOW HITPOINT WARNING * * *
You are splashed with acid.
You resist.
You die...

▒············░·····
░···········░░░▒▒·· ▒▒▒▒
▒····▒▒░▒·░··░····· ····▒▒
▒▒▒·····▒·░░░·····░·· ······
▒▒·▒░········░▒░······
······░░···▒·············▒░··
·········▒▒░░░············▒··
·········░J░~░···········░░··
·····░J▒~▓J@~~··∆····▒▒···░··
·····~JJ~~▒▒░▒········▒··░▒··
·····▓░░░▒░~~░········▒···░··
·····················▒···░░··
·······▒··▒░░·▒·····░▒▒······
···▒▒▒░···▒ ▒▒▒·░·░░░·····▒··
·▒▒ ▒▒·░▒ ·▒▒░░░·░··░·▒···
░░░ ················ ▒▒
················


You could see 2 acid blobs.

Vanquished Creatures
  the Royal Jelly (Slime:5)
  A dread lich (Vaults:4)
  An ancient lich (Vaults:5)
  Sojobo (Vaults:2)
  Bai Suzhen (Crypt:1)
  A caustic shrike (Depths:2)
  A golden dragon (Vaults:5)
  Vashnia (Snake:2)
  Jorgrun (Swamp:1)
  4 tentacled monstrosities
  A lich (Depths:2)
  Rupert (D:15)
  5 quicksilver dragons
  Asterion (Vaults:2)
  6 titans (Vaults:5)
  26 acid blobs
  8 sphinxes
  The ghost of RandomKimchi the Metamorph, an adept HuWn of Jiyva (Snake:2)
  Gastronok (Lair:1)
  4 tengu reavers
  6 shadow dragons
  A thorn hunter (Swamp:3)
  13 rockslimes
  Donald (Vaults:3)
  A draconian monk (Zot:1)
  4 storm dragons
  4 nagarajas
  5 azure jellies
  4 frost giants
  4 fire giants
  2 iron dragons (Depths:3)
  A deep elf sorcerer (Vaults:5)
  3 draconian knights
  2 emperor scorpions (Depths:2)
  A draconian scorcher (Depths:4)
  Louise (Depths:4)
  19 vault wardens
  18 ironbound preservers
  2 orc warlords
  A formless jellyfish (Vaults:4)
  15 stone giants
  13 quicksilver oozes
  12 very ugly things
  3 deep elf annihilators (Vaults:5)
  7 ironbound thunderhulks
  3 war gargoyles
  7 eleionomae
  3 purple draconians (Zot:1)
  3 green draconians
  A deep elf demonologist (Vaults:4)
  2 vampire knights
  A minotaur (Gauntlet)
  6 spark wasps
  4 black draconians
  3 red draconians
  A white draconian (Depths:4)
  2 bunyips
  7 dire elephants
  2 green deaths
  5 ettins (Vaults:5)
  15 yaktaur captains
  An ettin (shapeshifter) (Vaults:5)
  A crystal guardian (Vaults:3)
  9 deep elf high priests (Vaults:5)
  Josephine (Orc:1)
  6 fire dragons
  2 entropy weavers (Vaults:3)
  9 ice dragons
  38 vault guards
  3 rakshasas
  5 spriggan air magi
  13 great orbs of eyes
  14 ironbound frosthearts
  A ghost crab (Swamp:2)
  A sphinx zombie (Vaults:5)
  17 hydras
  7 anacondas
  10 alligators
  5 peacekeepers
  A great orb of eyes (shapeshifter) (Vaults:5)
  9 boulder beetles
  Erica (D:11)
  6 salamander tyrants
  2 ogre magi
  14 centaur warriors
  3 two-headed ogres (shapeshifter)
  2 catoblepae
  4 deep troll shamans
  10 naga warriors
  6 tengu warriors
  6 two-headed ogres
  13 death yaks
  A vampire mage (Vaults:3)
  2 hell hogs (Depths:2)
  3 shock serpents
  5 deep troll earth magi
  24 naga sharpshooters
  4 thrashing horrors (Lair:5)
  4 spriggan berserkers (Depths:4)
  2 occultists
  4 orc high priests (Orc:2)
  Amaemon (Lair:1)
  5 salamander mystics
  3 skeletal warriors (D:14)
  4 iron trolls
  7 spriggan druids
  3 deep trolls (shapeshifter) (Vaults:5)
  A death drake (Swamp:2)
  2 glowing orange brains
  A goliath frog (Swamp:3)
  Lodul (D:11)
  A large abomination (Lair:5)
  The ghost of Sapher the Geomancer, a novice MeEE of Cheibriados (Lair:1)
  39 deep trolls
  A flayed ghost (Depths:2)
  A swamp dragon (shapeshifter) (Vaults:5)
  8 naga ritualists
  3 phantasmal warriors (Vaults:5)
  4 arcanists
  9 bog bodies
  2 harpies (Depths:2)
  3 lindwurms
  10 swamp dragons
  2 spectral hydras (Swamp:2)
  A deep elf zephyrmancer (Vaults:5)
  A shadow demon (Depths:4)
  A golden dragon skeleton (Vaults:5)
  16 ironbound convokers
  An orange crystal statue (Depths:3)
  5 deep elf pyromancers
  4 alligator zombies (Swamp:2)
  5 necromancers
  8 goliath frog zombies (Swamp:2)
  5 mana vipers
  7 orc knights
  7 orc sorcerers
  39 ugly things
  9 moths of wrath
  3 will-o-the-wisps
  3 manticores
  4 cyclopes
  5 shining eyes
  2 centaur zombies (D:15)
  12 salamanders
  A fire giant skeleton (Vaults:5)
  15 vault sentinels
  5 kobold blastminers
  7 guardian serpents (Snake:4)
  35 black mambas
  2 eyes of devastation
  3 torpor snails
  A water nymph (shapeshifter) (Vaults:5)
  20 naga magi
  An orange demon (Lair:1)
  3 centaur skeletons (D:15)
  10 cane toads
  3 unseen horrors
  A smoke demon (Lair:5)
  3 freezing wraiths
  3 kobold demonologists
  4 swamp worm zombies (Swamp:2)
  A spectral mana viper (Snake:2)
  5 komodo dragons
  6 rime drakes
  5 tengu conjurers
  35 yaktaurs
  2 merfolk (shapeshifter) (Vaults:5)
  8 hornets
  4 trolls
  7 tyrant leeches
  2 glass eyes
  A hydra skeleton (Crypt:1)
  9 polar bears
  3 raiju (Lair:5)
  11 dream sheep (Lair:5)
  26 blink frogs
  5 spectral nagas (Snake:2)
  4 spectral swamp dragons (Swamp:2)
  The ghost of Graknight the Trooper, an amateur GrFi (D:4)
  59 slime creatures
  2 spectral black mambas (Snake:2)
  5 vampires
  7 wraiths
  2 shadows
  A wyvern (shapeshifter) (Lair:5)
  2 ynoxinuls (Lair:5)
  5 wyverns
  7 spriggans
  A water elemental (Depths:3)
  51 yaks
  3 basilisks
  6 humans (D:13)
  A yak (shapeshifter) (Lair:5)
  2 redbacks (shapeshifter) (Vaults:5)
  12 golden eyes
  A golden eye (shapeshifter) (Depths:4)
  2 redbacks (Vaults:3)
  A tyrant leech zombie (Swamp:2)
  A human simulacrum (Vaults:2)
  A yaktaur simulacrum (Vaults:2)
  4 vampire mosquitoes
  4 steam dragons
  A chaos spawn (Lair:5)
  A warg (shapeshifter) (D:14)
  A swamp worm (shapeshifter) (Vaults:5)
  12 small abominations
  3 wargs
  46 nagas
  3 acid dragons
  18 swamp worms
  14 water moccasins
  A guardian serpent simulacrum (Snake:2)
  27 orc warriors
  8 swamp drakes
  A sky beast (D:7)
  2 ice beasts
  A black bear (D:7)
  16 ogres
  15 wolves
  A black mamba simulacrum (Snake:2)
  8 centaurs
  A phantom (D:6)
  6 kobold brigands
  11 bullfrogs
  2 gnoll sergeants
  An entropy weaver simulacrum (Vaults:2)
  2 scorpions
  3 wights (D:8)
  3 troll zombies (Swamp:2)
  11 killer bees
  3 spriggan zombies (Swamp:2)
  A lindwurm simulacrum (IceCv)
  3 electric eels (Lair:4)
  3 vampire bats (D:7)
  9 howler monkeys
  13 jellies
  4 komodo dragon simulacra (IceCv)
  6 hounds
  A gnoll bouda (D:7)
  29 orc priests
  An iron imp (D:4)
  3 sleepcaps
  8 iguanas
  Terence (D:2)
  26 orc wizards
  22 gnolls
  3 acid dragon simulacra (IceCv)
  15 adders
  2 shadow imps
  A white imp (D:8)
  3 ufetubi
  4 steam dragon simulacra (IceCv)
  A worm (D:5)
  4 dart slugs
  87 orcs
  11 ball pythons
  6 bat skeletons (D:7)
  19 endoplasms
  5 giant cockroaches
  9 hobgoblins
  4 jackals (D:4)
  9 quokkas
  3 bats (D:1)
  4 frilled lizards
  12 goblins
  27 kobolds
  4 rats
  2 spectral weapons (Vaults:2)
1813 creatures vanquished.

Vanquished Creatures (collateral kills)
  A tengu reaver (Vaults:5)
  An ironbound preserver (Vaults:5)
  An orc warlord (Orc:2)
  A vault guard (Vaults:5)
  An orc sorcerer (Orc:2)
  An orc warrior (Orc:2)
  A wight (D:8)
  An orc priest (Orc:2)
8 creatures vanquished.

Vanquished Creatures (others)
  A war gargoyle (Vaults:5)
  Nessos (D:14)
  A fire dragon (Depths:3)
  An alligator (Swamp:1)
  A catoblepas (Depths:2)
  A spriggan druid (Depths:2)
  A will-o-the-wisp (Swamp:4)
  A moth of wrath (Zot:1)
  A salamander (Snake:1)
  A tengu conjurer (D:13)
  4 bloated husks
  A tyrant leech (Swamp:4)
  A human (D:13)
  A water moccasin (Swamp:4)
  An orc wizard (Orc:2)
  26 foxfires
  10 spectral weapons
54 creatures vanquished.

Grand Total: 1875 creatures vanquished

Notes
Turn   | Place    | Note
-------+----------+-------------------------------------------
     0 | D:1      | crawlacc the Minotaur Fighter began the quest for the Orb.
     0 | D:1      | Reached XP level 1. HP: 19/19 MP: 0/0
   145 | D:1      | Found Uwodalei's Antique Armour Boutique.
   176 | D:1      | Reached XP level 2. HP: 27/27 MP: 1/1
   647 | D:1      | Reached XP level 3. HP: 33/33 MP: 2/2
  1036 | D:2      | Found a snail-covered altar of Cheibriados.
  1222 | D:2      | Reached XP level 4. HP: 41/41 MP: 3/3
  1311 | D:2      | Noticed Terence
  1321 | D:2      | Killed Terence
  1357 | D:2      | Found a runed translucent door.
  1358 | D:2      | Noticed Crazy Yiuf
  1754 | D:3      | Found a transporter.
  1770 | D:3      | Found a transporter.
  2032 | D:3      | Reached XP level 5. HP: 47/47 MP: 4/4
  2365 | D:4      | Reached skill level 5 in Fighting
  2365 | D:4      | Reached skill level 5 in Armour
  2365 | D:4      | Reached skill level 5 in Shields
  2469 | D:4      | Reached XP level 6. HP: 56/56 MP: 5/5
  2523 | D:4      | Reached skill level 5 in Axes
  2583 | D:4      | Found a transporter.
  2583 | D:4      | Found a transporter.
  2583 | D:4      | Found a one-way gate to the infinite horrors of the Abyss.
  2583 | D:4      | Noticed Graknight's ghost (amateur GrFi)
  2915 | D:5      | Entered Level 5 of the Dungeon
  3108 | D:5      | Reached XP level 7. HP: 34/61 MP: 3/6
  3540 | D:5      | Found an iron altar of Okawaru.
  4197 | D:6      | Reached XP level 8. HP: 60/68 MP: 5/7
  4202 | D:6      | Reached skill level 10 in Axes
  4519 | D:6      | Found Mafib's Distillery.
  4865 | D:1      | Bought a pair of glowing gloves for 157 gold pieces
  5200 | D:6      | Found the amulet of Elemental Vulnerability {rPois rF--
                  | rC-- AC+8}
  5298 | D:6      | Found a large runed translucent door.
  5415 | D:6      | Found a large runed translucent door.
  5575 | D:7      | Found a shadowy altar of Dithmenos.
  5615 | D:7      | Found a staircase to the Ecumenical Temple.
  5626 | D:7      | Reached XP level 9. HP: 70/74 MP: 6/8
  5661 | Temple   | Entered the Ecumenical Temple
  5667 | Temple   | Became a worshipper of the Wu Jian Council
  5793 | D:7      | Found a flagged portal.
  5806 | Bailey   | Entered a bailey
  6087 | Bailey   | Noticed an orc knight
  6101 | Bailey   | Killed an orc knight
  6105 | Bailey   | Reached * piety under Wu Jian
  6517 | D:7      | Found an ancient bone altar of Kikubaaqudgha.
  6694 | D:7      | Identified the +0 leather armour of Instinct {rPois rN+
                  | rCorr}
  6941 | D:8      | Reached skill level 15 in Axes
  6957 | D:8      | Noticed a two-headed ogre
  6984 | D:8      | Killed a two-headed ogre
  6985 | D:8      | Reached XP level 10. HP: 39/81 MP: 5/9
  7062 | D:8      | Reached ** piety under Wu Jian
  7813 | D:9      | Noticed a manticore
  7819 | D:9      | Found a staircase to the Lair.
  8006 | D:9      | Reached *** piety under Wu Jian
  8082 | D:9      | Killed a manticore
  8239 | D:9      | Found Laonic's Armour Shop.
  8240 | D:9      | Noticed an animated plate armour
  8240 | D:9      | Noticed an animated storm dragon scales
  8450 | D:9      | Noticed a two-headed ogre
  8476 | D:9      | Killed a two-headed ogre
  8762 | D:9      | Found a hazy altar of Hepliaklqana.
  8919 | Lair:1   | Entered Level 1 of the Lair of Beasts
  8999 | Lair:1   | Noticed Gastronok
  9014 | Lair:1   | Killed Gastronok
  9015 | Lair:1   | Reached XP level 11. HP: 92/95 MP: 10/10
  9207 | Lair:1   | Found a runed translucent door.
  9219 | Lair:1   | Noticed Sapher's ghost (novice MeEE)
  9239 | Lair:1   | Noticed Amaemon
  9252 | Lair:1   | Killed Amaemon
  9717 | Lair:1   | Reached skill level 10 in Fighting
 10190 | Lair:2   | Identified the -1 helmet of Birdsong {Regen+}
 10344 | Lair:2   | Reached skill level 10 in Armour
 10429 | Lair:2   | Noticed a spriggan druid
 10429 | Lair:2   | Noticed a spriggan druid
 10437 | Lair:2   | Killed a spriggan druid
 10441 | Lair:2   | Killed a spriggan druid
 10442 | Lair:2   | Noticed a seven-headed hydra
 10936 | Lair:2   | Found a staircase to the Swamp.
 11119 | Lair:2   | Reached XP level 12. HP: 84/108 MP: 9/11
 11354 | Lair:2   | Reached **** piety under Wu Jian
 11589 | D:10     | Entered Level 10 of the Dungeon
 11589 | D:10     | Found a portal to a secret trove of treasure.
 11686 | D:10     | Noticed a boulder beetle
 11701 | D:10     | Killed a boulder beetle
 12044 | D:10     | Found Hoymuqom's Weapon Shop.
 12044 | D:10     | Found a staircase to the Orcish Mines.
 12314 | D:10     | Noticed an ogre mage
 12320 | D:10     | Killed an ogre mage
 12550 | Orc:1    | Entered Level 1 of the Orcish Mines
 12735 | Orc:2    | Entered Level 2 of the Orcish Mines
 13027 | Orc:2    | Found a frozen archway.
 13068 | IceCv    | Entered an ice cave
 13093 | IceCv    | Reached ***** piety under Wu Jian
 13309 | Orc:1    | Noticed Josephine
 13327 | Orc:1    | Killed Josephine
 13760 | Orc:2    | Reached XP level 13. HP: 97/119 MP: 9/12
 13854 | Orc:2    | Found a staircase to the Elven Halls.
 14210 | Orc:2    | Noticed an orc warlord
 14240 | Orc:2    | Killed an orc warlord
 14732 | Orc:2    | Found Pomocedd's Antique Armour Boutique.
 14733 | Orc:2    | Found Aniecwel's Antique Weapon Boutique.
 14735 | Orc:2    | Found Wynk's General Store.
 14735 | Orc:2    | Found Fekhustru's Book Shop.
 14814 | Orc:2    | Bought a scroll of identify for 28 gold pieces
 14814 | Orc:2    | Bought a potion of lignification for 42 gold pieces
 14862 | Orc:2    | Reached ****** piety under Wu Jian
 15604 | Lair:1   | Killed Sapher's ghost
 16240 | Lair:2   | Found a staircase to the Swamp.
 17089 | Lair:3   | Found a staircase to the Snake Pit.
 18052 | Lair:4   | Found a viscous altar of Jiyva.
 18054 | Lair:4   | Found a staircase to the Slime Pits.
 18098 | Lair:4   | Reached skill level 1 in Throwing
 18106 | Lair:4   | Reached XP level 14. HP: 127/133 MP: 13/13
 18428 | Lair:5   | Entered Level 5 of the Lair of Beasts
 18444 | Lair:5   | Reached skill level 15 in Fighting
 18515 | Lair:5   | Reached skill level 15 in Armour
 18652 | Lair:5   | Found a transporter.
 18896 | Lair:5   | Reached skill level 5 in Throwing
 18909 | Lair:5   | Identified the +0 chain mail "Xudag" {-Cast Rampage +Blink
                  | Will++}
 19355 | Lair:5   | Noticed Afintianyq's ghost (journeyman TrSh)
 19363 | Lair:5   | Found a bloodstained altar of Trog.
 19491 | Lair:5   | Found a transporter.
 19686 | D:9      | Gained mutation: You possess an exceptional clarity of
                  | mind. [potion of mutation]
 19735 | D:11     | Found a gate leading to a gauntlet.
 19744 | Gauntlet | Entered a Gauntlet
 19744 | Gauntlet | Found a transporter.
 19744 | Gauntlet | Found a transporter.
 19744 | Gauntlet | Found a transporter.
 19746 | Gauntlet | Found a transporter.
 19747 | Gauntlet | Found a transporter.
 19750 | Gauntlet | Found a transporter.
 19756 | Gauntlet | Found a runed translucent gate.
 19756 | Gauntlet | Found a transporter.
 19758 | Gauntlet | Found a runed translucent gate.
 19758 | Gauntlet | Found a transporter.
 19759 | Gauntlet | Found a runed translucent gate.
 19759 | Gauntlet | Found a transporter.
 19761 | Gauntlet | Found a transporter.
 19780 | Gauntlet | Found a transporter.
 19781 | Gauntlet | Found a transporter.
 19860 | Gauntlet | Identified the +5 hat of Touckot {Str+3 Dex+4}
 19893 | Gauntlet | Identified the +0 pair of gloves of the Saviour {rPois
                  | Slay+5 Stlth-}
 19949 | Gauntlet | Identified the ring of Tobrel {Will+ Str+3 Int+6}
 19988 | Gauntlet | Identified the +3 hand axe of Heg Qakh {flame, ^Drain rElec
                  | rPois SInv}
 20228 | D:11     | Noticed Lodul
 20231 | D:11     | Killed Lodul
 20247 | D:11     | Identified the +12 mace "Ginaitay" {heavy, *Rage rC+ Str+4}
 20419 | D:11     | Noticed Erica
 20427 | D:11     | Killed Erica
 20428 | D:11     | Reached XP level 15. HP: 126/141 MP: 12/14
 20946 | D:4      | Killed Graknight's ghost
 21285 | D:9      | Lost mutation: You possess an exceptional clarity of mind.
                  | [potion of mutation]
 21285 | D:9      | Gained mutation: Your flesh is cold resistant. (rC+)
                  | [potion of mutation]
 21285 | D:9      | Gained mutation: You are robust. (+10% HP) [potion of
                  | mutation]
 21285 | D:9      | Gained mutation: Your movements are slightly less
                  | encumbered by armour. (ER -2) [potion of mutation]
 21317 | D:9      | Identified a scroll of acquirement
 21317 | D:9      | Acquired the amulet "Didae" {rF+ Regen+ Dex+6}
 21595 | Lair:5   | Found a corrupted altar of Lugonu.
 21623 | Lair:5   | Identified the +5 plate armour of Ynaruu Reokk {rF+ Will+
                  | Int+3}
 21968 | Swamp:1  | Entered Level 1 of the Swamp
 21980 | Swamp:1  | Noticed Jorgrun
 22008 | Swamp:1  | Killed Jorgrun
 22543 | Swamp:2  | Reached skill level 10 in Throwing
 23265 | Swamp:2  | Identified the +5 quarterstaff of the Key {antimagic,
                  | Will++}
 23481 | Swamp:3  | Reached XP level 16. HP: 163/163 MP: 15/15
 23503 | Swamp:3  | Noticed a thorn hunter
 23511 | Swamp:3  | Killed a thorn hunter
 23636 | Swamp:3  | Reached skill level 1 in Evocations
 23937 | Swamp:4  | Entered Level 4 of the Swamp
 24213 | Swamp:4  | Reached skill level 5 in Evocations
 24369 | Swamp:4  | Got a decaying rune of Zot
 24769 | Snake:1  | Entered Level 1 of the Snake Pit
 24782 | Snake:1  | Found Muuppoqao's Jewellery Shoppe.
 24788 | Snake:1  | Found Xoabiteats's Book Emporium.
 25100 | Snake:3  | Found Qaunilits's Jewellery Boutique.
 25318 | Snake:3  | Found Wiotor's Jewellery Boutique.
 25319 | Snake:3  | Found Pehuf's Book Emporium.
 25587 | Snake:4  | Entered Level 4 of the Snake Pit
 25632 | Snake:4  | Reached XP level 17. HP: 163/178 MP: 16/16
 26323 | Snake:4  | Noticed a quicksilver dragon
 26330 | Snake:4  | Killed a quicksilver dragon
 26547 | Snake:4  | Got a serpentine rune of Zot
 27238 | Snake:1  | Reached skill level 10 in Evocations
 27730 | Snake:2  | Noticed Vashnia
 27754 | Snake:2  | Killed Vashnia
 27811 | Snake:2  | Reached skill level 1 in Dodging
 27866 | Snake:2  | Identified the +11 quarterstaff "Jeffit" {freeze, rN+ Int+2
                  | Dex+3}
 28022 | Snake:2  | Found a runed translucent gate.
 28023 | Snake:2  | Found a runed translucent gate.
 28024 | Snake:2  | Found a runed translucent gate.
 28025 | Snake:2  | Noticed RandomKimchi's ghost (adept HuWn)
 28291 | Snake:2  | Killed RandomKimchi's ghost
 28816 | D:12     | Reached XP level 18. HP: 195/195 MP: 17/17
 29262 | D:13     | Identified the +0 pair of gloves "Juqykuiq" {rPois Int+8
                  | Dex-2}
 29660 | D:13     | Identified the +6 glaive "Neggerud" {flame, rCorr Str+3
                  | Int+3 Dex-4}
 29693 | D:13     | Found a gate to the Vaults.
 30336 | Orc:2    | Bought an embroidered scarf for 176 gold pieces
 30336 | Orc:2    | Bought a runed cloak for 165 gold pieces
 30597 | Vaults:1 | Entered Level 1 of the Vaults
 30803 | Vaults:1 | Reached skill level 5 in Dodging
 31634 | Vaults:2 | Reached skill level 10 in Shields
 31737 | Vaults:2 | Noticed Asterion
 31739 | Vaults:2 | Noticed Sojobo
 31800 | Vaults:2 | Killed Asterion
 32010 | Vaults:2 | Acquired 405 gold pieces
 32092 | Vaults:2 | Killed Sojobo
 32366 | Vaults:2 | Found Beudos's Book Emporium.
 32667 | Vaults:2 | Reached XP level 19. HP: 206/206 MP: 18/18
 33481 | Vaults:3 | Noticed Donald
 33491 | Vaults:3 | Killed Donald
 33659 | Vaults:3 | Reached skill level 10 in Dodging
 34206 | Vaults:3 | Found a staircase to the Crypt.
 34421 | Vaults:3 | Found Emokurch's Jewellery Emporium.
 34438 | Vaults:3 | Bought the amulet "Zoefampe" {Will++ Regen+ Slay+2 Stlth+}
                  | for 1306 gold pieces
 34581 | Crypt:1  | Entered Level 1 of the Crypt
 34590 | Crypt:1  | Noticed Bai Suzhen
 34618 | Crypt:1  | Killed Bai Suzhen
 34716 | Crypt:1  | Noticed Frederick
 34889 | Vaults:4 | Found Aleedwischi's Antique Weapon Boutique.
 35090 | Vaults:4 | Found Cuabuodd's Book Boutique.
 35231 | Vaults:4 | Got Ygon's Omnibus of Confrontation and Envenoming
 35283 | Vaults:4 | Noticed a dread lich
 35289 | Vaults:4 | Killed a dread lich
 35342 | Vaults:4 | Found Biguoh's Magic Scroll Shoppe.
 35353 | Vaults:4 | Bought a scroll of blinking for 75 gold pieces
 35353 | Vaults:4 | Bought a scroll of identify for 20 gold pieces
 35353 | Vaults:4 | Bought a scroll of revelation for 75 gold pieces
 35353 | Vaults:4 | Bought a scroll of poison for 40 gold pieces
 35353 | Vaults:4 | Bought a scroll of identify for 20 gold pieces
 35353 | Vaults:4 | Bought a scroll of identify for 20 gold pieces
 35466 | Vaults:4 | Reached XP level 20. HP: 222/222 MP: 19/19
 35909 | Vaults:5 | Entered Level 5 of the Vaults
 36091 | Vaults:5 | Got a silver rune of Zot
 36161 | Vaults:5 | Identified the +7 orcbow of the Inquisitive Xalams {freeze,
                  | MP-9 Str-2 Int+10}
 36200 | Vaults:5 | Identified the +8 orcbow "Ydeziel" {flame, Fly rN+ MP+9}
 36384 | Vaults:5 | Identified the +7 battleaxe of Agonih {drain, rF- rN+ Str+3
                  | Int+3}
 36610 | Vaults:5 | Noticed a golden dragon
 36619 | Vaults:5 | Killed a golden dragon
 36783 | Vaults:5 | Identified the +7 glaive of Destiny {antimagic, Fly Stlth+}
 37062 | Vaults:5 | Identified the amulet of Kidoh {Rampage rElec rF- Regen+
                  | rCorr}
 37086 | Vaults:5 | Reached XP level 21. HP: 149/236 MP: 20/20
 37358 | Vaults:5 | Noticed an ancient lich
 37365 | Vaults:5 | Killed an ancient lich
 37873 | Vaults:5 | Identified the +0 leather armour "Vomnakli" {Dex+3 Slay+6}
 37987 | Vaults:5 | Identified the +3 robe of Elyvilon's Grace {rCorr Int+2}
 38039 | Vaults:5 | Identified the ring of Light {rF+ rC+ rN++ rCorr Int-4}
 38556 | D:14     | Noticed Nessos
 38569 | D:14     | Killed Nessos
 38971 | D:15     | Entered Level 15 of the Dungeon
 39478 | D:15     | Noticed Rupert
 39487 | D:15     | Killed Rupert
 39501 | D:15     | Found a staircase to the Depths.
 39743 | Depths:1 | Entered Level 1 of the Depths
 39957 | Depths:1 | Found Fuoraeg's General Store.
 39960 | Depths:1 | Bought a potion of curing for 57 gold pieces
 39960 | Depths:1 | Bought a scroll of summoning for 180 gold pieces
 39960 | Depths:1 | Bought 4 atropa-tipped darts for 68 gold pieces
 39960 | Depths:1 | Bought 6 atropa-tipped darts for 102 gold pieces
 39960 | Depths:1 | Bought a potion of curing for 57 gold pieces
 40000 | Depths:1 | You fall into a shaft and drop 1 floor!
 40046 | Depths:2 | Found a gateway to Hell.
 40221 | Depths:2 | Noticed a caustic shrike
 40240 | Depths:2 | Killed a caustic shrike
 40241 | Depths:2 | Reached skill level 27 in Armour
 40347 | Depths:2 | Reached XP level 22. HP: 254/254 MP: 21/21
 40579 | Depths:2 | Found a one-way gate leading to the halls of Pandemonium.
 40661 | Depths:2 | Identified the +4 ring mail "Idghugua" {rF++ Will- Str+3
                  | Slay+5}
 40865 | Depths:3 | Reached skill level 27 in Fighting
 41021 | Depths:3 | Found a runed translucent gate.
 41021 | Depths:3 | Found a runed translucent gate.
 41021 | Depths:3 | Found a runed translucent gate.
 41022 | Depths:3 | Noticed an ancient lich
 41023 | Depths:3 | Found an ancient bone altar of Kikubaaqudgha.
 41023 | Depths:3 | Noticed Zacsag's ghost (veteran DgCj)
 41023 | Depths:3 | Noticed a dread lich
 41026 | Depths:3 | Noticed a dread lich
 41249 | Depths:3 | Found a gateway to a bazaar.
 41742 | Depths:4 | Entered Level 4 of the Depths
 41958 | Depths:4 | Noticed Louise
 41964 | Depths:4 | Killed Louise
 42271 | Depths:4 | Noticed an ancient lich
 42271 | Depths:4 | Noticed an ancient lich
 42497 | Depths:4 | Found a gate to the Realm of Zot.
 42652 | Depths:4 | Found a one-way gateway to a ziggurat.
 42943 | Zot:1    | Entered Level 1 of the Realm of Zot
 43040 | Zot:1    | Noticed a Killer Klown
 43042 | Zot:1    | Noticed Sial's ghost (veteran MiMo)
 43043 | Zot:1    | Found a transporter.
 43621 | Slime:1  | Entered Level 1 of the Pits of Slime
 43669 | Slime:1  | You fall into a shaft and drop 1 floor!
 44597 | Slime:5  | Entered Level 5 of the Pits of Slime
 44603 | Slime:5  | Reached XP level 23. HP: 264/264 MP: 22/22
 44701 | Slime:5  | Gained mutation: Potions are less effective at restoring
                  | your health. [a shining eye]
 44729 | Slime:5  | Gained mutation: You occasionally lose the ability to drink
                  | potions when taking damage. [a shining eye]
 44730 | Slime:5  | Gained mutation: Armour fits poorly on your strangely
                  | shaped body. [a shining eye]
 44751 | Slime:5  | Reached skill level 15 in Shields
 44809 | Slime:5  | Gained mutation: Your magical capacity is low. (-10% MP) [a
                  | shining eye]
 45059 | Slime:5  | Noticed the Royal Jelly
 45078 | Slime:5  | Killed the Royal Jelly
 45086 | Slime:5  | HP: 4/264 [acid blob[the Royal Jelly] (29)]
 45086 | Slime:5  | Splashed by an acid blob's acid

Illustrated notes

Levels and vault maps discovered:
D:1:      amcnicky_arrival_choice, layout_basic, serial_shops, shop_fountains,
          minmay_tromino_v4_b
D:2:      layout_rooms, basic_altar, uniq_crazy_yiuf_cottage, uniq_terence
D:3:      gammafunk_steamed_eel, layout_loops_ring
D:4:      layout_cave_pools, gammafunk_ghost_abyssal_escape,
          minmay_misc_feat_tiny
D:5:      layout_basic, mainiacjoe_overflow_alcove_1, kennysheep_generic_room_2
D:6:      layout_rooms, jmf_multi_god_temple2, serial_curves, eino_curves_02,
          eino_curves_01, st_stairs_10, nicolae_wooded_promenade,
          kennysheep_generic_room_16
D:7:      layout_basic, kennysheep_vampire_church, grunt_dithmenos_shadows,
          minmay_temple_entry_large_hall, enter_ossuary_1, enter_bailey_4
D:8:      layout_gridville, introduction_to_nature_1
D:9:      layout_loops_ring, worldfamousw_hep_ancestral_shrine,
          lair_entry_dummy, serial_shops, nicolae_shop_mannequins
D:10:     cheibrodos_barr_body, layout_gridville, orc_david_3, enter_trove_1,
          serial_rivers, chequers_serial_rivers_micro_a,
          chequers_serial_rivers_small_b, chequers_serial_rivers_small_b,
          chequers_serial_rivers_micro_c, chequers_serial_rivers_small_3
D:11:     layout_basic, gauntlet_entry_generic, uniq_erica, uniq_lodul
D:12:     layout_basic
D:13:     layout_cave_pods, ximxim_vaults_locker_room, minmay_fractal_squares_5
D:14:     layout_cave_pools, uniq_nessos
D:15:     grunt_enter_depths_magical_seal, layout_loops_cross,
          grunt_decor_arrowhead, uniq_rupert
Temple:   nicolae_temple_x_marks_the_god
Lair:1:   layout_loops_ring, hellmonk_ghost_happy_afterlife,
          cheibrodos_lair_lostbears, uniq_gastronok, uniq_amaemon
Lair:2:   layout_cave_shapes, mainiacjoe_swamp_entry_angry_trees, st_stairs_3,
          grunt_megastairs_2
Lair:3:   lemuel_slime, layout_regular_city, minmay_snake_entry_guardpost_small
Lair:4:   layout_concentric_octagons, slime_entry_1, pdpol_lair_cavern_descent
Lair:5:   hellmonk_lair_end_abyssal_woods, layout_loops_ring,
          gammafunk_ghost_wrathful_warriors, grunt_megastairs_4
Swamp:1:  nicolae_swamp_ascending_descending_big, layout_basic_swamp,
          nicolae_swamp_tree_isthmus, uniq_jorgrun
Swamp:2:  cheibrodos_swamp_mausoleum, layout_basic_swamp,
          nicolae_swamp_feature_on_the_river_bank
Swamp:3:  layout_basic_swamp, nicolae_swamp_fairy_circle,
          infiniplex_staircase_pool_2
Swamp:4:  swamp, layout_basic_swamp, swamp_pool_1_2, nicolae_swamp_snake_nest
Snake:1:  layout_cave_shapes, minmay_shoptagon, grunt_megastairs_5
Snake:2:  layout_basic, gammafunk_ghost_necromancy, lemuel_fruit_tree,
          uniq_vashnia
Snake:3:  layout_rooms, minmay_shop_grove
Snake:4:  hellmonk_snake_rune_quicksilver_temple, layout_cave_town
Slime:1:  layout_caves
Slime:2:  layout_caves, nicolae_slime_rock_hall_of_fame
Slime:3:  layout_caves, nicolae_slime_ancient_tower_intersection
Slime:4:  cheibrodos_slime_lost_civilization_3, layout_caves
Slime:5:  slime_pit_nicolae_royal_road_to_ruin
Orc:1:    layout_caves, serial_shops, nicolae_shop_peninsula, uniq_sonja,
          uniq_josephine
Orc:2:    st_orc_congregation, layout_diamond_mine,
          portal_ice_cave_entry_animals_and_master, basic_altar, mines4_lemuel
Vaults:1: portal_desolation_entry_twin_temple, v_misc_18, v_alt_pattern_4,
          ontoclasm_vaults_misaligned, ontoclasm_vaults_ring_small,
          nicolae_vaults_specimen_jars, nicolae_vaults_little_squares_1,
          nicolae_vaults_mini_display_case, nicolae_vaults_six-pack,
          vaults_room_large_hall, nicolae_vaults_storage_closets_3,
          hangedman_vaults_slice, v_misc_3, layout_vaults_omnibox
Vaults:2: hangedman_vaults_variations, vaults_room_corners,
          ontoclasm_vaults_decontamination, nicolae_vaults_twisting_passages,
          nicolae_vaults_network_square, nicolae_vaults_cochlea,
          grunt_vaults_focal, hangedman_vaults_maws, dpeg_vaults_monster_box,
          nicolae_vaults_double_plus_1, layout_vaults_chaotic_city,
          serial_shops, shop, uniq_sojobo, uniq_asterion
Vaults:3: nicolae_vaults_closet_pinwheel_6, nicolae_vaults_octothorpe,
          hangedman_vaults_pinch, hangedman_vaults_impose,
          vaults_mumra_minichess, vaults_room_ringed_pool,
          grunt_vaults_hallway_short, minmay_crypt_entry_vampire_xt, v_misc_32,
          vaults_standard_mumra_lines, hangedman_vaults_restitches,
          vaults_dpeg_diagonal, ontoclasm_vaults_ligature,
          nicolae_vaults_asterisk, layout_vaults_big_cross, serial_shops,
          nicolae_shop_window_shopping, uniq_donald
Vaults:4: v_rooms_1, grunt_vaults_twisty, nicolae_vaults_alarming,
          vaults_room_large_hall, nicolae_vaults_bisected_exclaves,
          nicolae_vaults_fighting_squares, ontoclasm_vaults_misaligned,
          nicolae_vaults_apartment_1, nicolae_vaults_storage_closets_2,
          nicolae_vaults_turnstiles, layout_vaults_ring, serial_shops, shop,
          nicolae_shop_peninsula, nicolae_shop_gibbet_a_chance
Vaults:5
Crypt:1:  layout_misc_corridors, grunt_megastairs_3, uniq_frederick,
          uniq_bai_suzhen, uniq_boris
Depths:1: layout_forbidden_donut, kennysheep_small_spiral, serial_shops,
          nicolae_shop_tiny_real_fake_doors, hell_entry, dreamdust_wasp_nest
Depths:2: hangedman_hanging_gardens, layout_cave_pools,
          chequers_serial_rivers_small_b, hell_entry, pan_entry
Depths:3: minmay_inner_zag, layout_cave_pools, nicolae_twisting_strands,
          grunt_hell_entry_dis_grunt, serial_shops, statue_bzr,
          gammafunk_ghost_crypt, grunt_pan_entry_in_and_out, abyss_entry,
          serial_library_regret_index_double_sided
Depths:4: grunt_zot_entry_gee_three, layout_cave_shapes, enter_ziggurat_d,
          grunt_pan_entry_zigzag, hangedman_coc_ice_floe,
          hangedman_abyss_or_decor_slice,
          nicolae_abyss_entry_one_way_or_another, uniq_josephina
Zot:1:    layout_cathedral_of_symmetry, gammafunk_ghost_arena,
          st_small_dragon_hoard_3, grunt_ministairs_9, nrook_zot_tub

Skill      XL: |  1  2  3  4  5  6  7  8  9 10 11 12 13 14 15 16 17 18 19 20 21 22 23 |
---------------+----------------------------------------------------------------------+-----
Shields        | 4 5 6 10 14 15 | 15.7
Fighting       | 4 5 8 10 12 14 15 17 20 22 24 26 27 | 27.0
Armour         | 4 5 8 10 12 14 17 20 21 23 25 27 | 27.0
Axes           | 3 4 7 9 12 15 17 18 19 20 22 23 | 23.3
Throwing       | 1 8 10 | 10.0
Evocations     | 7 10 | 10.0
Dodging        | 3 8 10 | 10.0

Action                     |  1- 3 |  4- 6 |  7- 9 | 10-12 | 13-15 | 16-18 | 19-21 | 22-24 || total
---------------------------+-------+-------+-------+-------+-------+-------+-------+-------++-------
  Melee: War axe           |    76 |    99 |   253 |     1 |       |       |       |       ||   429
         Headbutt          |     3 |    12 |    43 |   113 |   194 |   192 |   213 |   132 ||   902
         Battleaxe         |       |       |       |   508 |   710 |   431 |       |       ||  1649
         Flail             |       |       |       |    13 |       |       |       |       ||    13
         Dire flail        |       |       |       |       |    16 |    34 |       |       ||    50
         Broad axe         |       |       |       |       |       |   234 |   770 |   420 ||  1424
         Morningstar       |       |       |       |       |       |       |     8 |       ||     8
  Throw: Dart              |       |       |       |    19 |    10 |     3 |       |     1 ||    33
         Boomerang         |       |       |       |       |    12 |       |    45 |    24 ||    81
 Invoke: Serpent's Lash    |       |       |       |     4 |       |     1 |       |     1 ||     6
         Heavenly Storm    |       |       |       |       |     1 |     2 |     1 |     2 ||     6
Ability: Lunge             |       |       |    24 |    31 |    66 |    94 |    87 |    48 ||   350
         Whirlwind         |       |       |     7 |    40 |    34 |    77 |    59 |    43 ||   260
         Wall Jump         |       |       |       |     3 |       |       |       |       ||     3
  Evoke: Wand              |       |       |     4 |     7 |    21 |     4 |     1 |       ||    37
         Box of beasts     |       |       |       |       |       |     1 |     1 |       ||     2
         Phial of floods   |       |       |       |       |       |       |     1 |       ||     1
    Use: Scroll            |       |       |     6 |    10 |    19 |    17 |    13 |     4 ||    69
         Potion            |       |       |     2 |     9 |     5 |    14 |    10 |     1 ||    41
   Stab: Distracted        |       |       |       |       |     7 |    11 |       |     1 ||    19
         Petrified         |       |       |       |       |     1 |       |     4 |       ||     5
         Confused          |       |       |       |       |       |     2 |       |       ||     2
 Armour: Plate armour      |    56 |    76 |   205 |   461 |   181 |       |       |       ||   979
         Crystal plate arm |       |       |       |       |   349 |   729 |   589 |   345 ||  2012
  Dodge: Dodged            |    25 |    30 |    77 |   143 |   125 |   201 |   367 |   329 ||  1297
  Block: Buckler           |    20 |    19 |    63 |       |       |       |       |       ||   102
         Kite shield       |       |       |       |       |       |   158 |   501 |   265 ||   924
         Reflection        |       |       |       |       |       |    17 |    43 |     6 ||    66

Table legend: (Time is in decaauts)
 A = Elapsed time spent in this place.
 B = Non-inter-level travel time spent in this place.
 C = Inter-level travel time spent in this place.
 D = Time resting spent in this place.
 E = Time spent auto-exploring this place.
 F = Levels seen in this place.
 G = Mean time per level.
                   A        B        C        D        E       F      G
               +--------+--------+--------+--------+--------+-----+--------+
         Total |  45113 |  39297 |   5816 |   2965 |  23838 |  50 |  902.3 |
       Dungeon |  14111 |  11832 |   2279 |    592 |   7803 |  15 |  940.7 |
        Temple |     12 |      2 |     10 |      0 |      0 |   1 |   12.0 |
          Lair |   7610 |   6478 |   1132 |    808 |   4104 |   5 | 1522.0 |
         Swamp |   2903 |   2622 |    281 |     93 |   1691 |   4 |  725.8 |
     Snake Pit |   3545 |   3038 |    507 |    140 |   1686 |   4 |  886.2 |
    Slime Pits |   1483 |   1437 |     46 |    100 |    939 |   5 |  296.6 |
  Orcish Mines |   2802 |   2406 |    396 |    496 |   1214 |   2 | 1401.0 |
        Vaults |   7789 |   7043 |    746 |    518 |   4104 |   5 | 1557.8 |
         Crypt |    124 |    121 |      3 |     73 |      0 |   1 |  124.0 |
        Depths |   3460 |   3088 |    372 |    144 |   1800 |   4 |  865.0 |
           Zot |    202 |    161 |     41 |      0 |     34 |   1 |  202.0 |
        Bailey |    467 |    467 |      0 |      0 |    317 |   1 |  467.0 |
      Ice Cave |    204 |    204 |      0 |      0 |      0 |   1 |  204.0 |
      Gauntlet |    394 |    394 |      0 |      0 |    143 |   1 |  394.0 |
               +--------+--------+--------+--------+--------+-----+--------+

Top non-repeatable levels by time:
Vaults:5: 2379 daAuts
   Orc:2: 2322 daAuts
  Lair:2: 2136 daAuts
  Lair:1: 1871 daAuts
Vaults:2: 1645 daAuts
Vaults:3: 1584 daAuts
     D:9: 1519 daAuts
  Lair:5: 1473 daAuts
     D:5: 1394 daAuts
Depths:4: 1310 daAuts
  Lair:3: 1251 daAuts
 Snake:4: 1162 daAuts
    D:13: 1159 daAuts
    D:10: 1148 daAuts
Vaults:4: 1119 daAuts
